 Dungeon Crawl Stone Soup version 0.30-a0-726-gd89dcf765f (webtiles) character file.

Game seed: 9317637191053588903

1252 SkeletonJelly the Basher (level 8, 0/46 HPs)
             Began as a Gargoyle Fighter on Jan 29, 2023.
             Was a Priest of Zin.
             Slain by an orc warrior
             ... wielding a +0 long sword
              (8 damage)
             ... on level 6 of the Dungeon.
             The game lasted 00:09:16 (4507 turns).

SkeletonJelly the Basher (Gargoyle Fighter)         Turns: 4507, Time: 00:09:17

Health: 0/46       AC: 25    Str: 22    XL:     8   Next: 51%
Magic:  12/12      EV:  6    Int:  9    God:    Zin [***...]
Gold:   229        SH:  4    Dex:  9    Spells: 7/7 levels left

rFire   . . .      SeeInvis .    x - +1 flail (protect)
rCold   . . .      Faith    .    c - +0 buckler
rNeg    + . .      Spirit   .    q - +0 plate armour
rPois   ∞          Reflect  .    (no helmet)
rElec   +          Harm     .    (no cloak)
rCorr   +          Rampage  .    (no gloves)
Will    +....                    l - +0 pair of boots Stlth
                                 (no amulet)
HPRegen 0.27/turn                j - ring of willpower
MPRegen 0.13/turn                t - ring of resist corrosion

@: under a protective aura
A: sickness immunity, AC +5, negative energy resistance 1, electricity
resistance, torment resistance 1, petrification resistance
a: Renounce Religion, Recite, Vitalisation, Imprison, Donate Gold


You were on level 6 of the Dungeon.
You worshipped Zin.
Zin was most pleased with you.
You visited 1 branch of the dungeon, and saw 6 of its levels.

You collected 254 gold pieces.
You donated 25 gold pieces to Zin.

Inventory:

Hand Weapons
 a - a +0 flail
 h - a +0 vampiric whip
 s - a +1 whip of electrocution
 x - a +1 flail of protection (weapon)
Armour
 b - a +0 scale mail
 c - a +0 buckler (worn)
 l - a +0 pair of boots (worn)
 q - a +0 plate armour (worn)
 B - a +4 ring mail
Jewellery
 j - a ring of willpower (left hand)
 t - a ring of resist corrosion (right hand)
 w - a ring of protection from cold
Wands
 u - a wand of mindburst (13)
Scrolls
 e - a scroll of noise {unknown}
 f - a scroll of immolation {unknown}
 k - 5 scrolls of identify {unknown}
 m - a scroll of teleportation {unknown}
 n - a scroll of amnesia {unknown}
 p - a scroll of brand weapon {unknown}
 r - a scroll of vulnerability {unknown}
 v - a scroll of enchant armour {unknown}
 y - a scroll of fog {unknown}
Potions
 d - a potion of might
 g - a potion of invisibility {unknown}
 i - a potion of flight {unknown}
 o - a potion of brilliance {unknown}
 z - 2 potions of curing {unknown}
 A - a potion of magic {unknown}


   Skills:
 - Level 3.2 Fighting
 * Level 8.7 Maces & Flails
 - Level 3.2 Armour
 - Level 3.2 Shields
 + Level 5.6 Invocations


You had 7 spell levels left.
You didn't know any spells.
Your spell library contained the following spells:

 Spells                   Type           Power      Damage    Failure   Level
 Foxfire                  Conj/Fire      0%         2x1d4     100%        1
 Summon Small Mammal      Summ           0%         N/A       100%        1
 Call Canine Familiar     Summ           0%         N/A       100%        3
 Summon Guardian Golem    Hex/Summ       0%         N/A       100%        3
 Fireball                 Conj/Fire      0%         3d3       100%        5
 Starburst                Conj/Fire      0%         6d3       100%        6


Dungeon Overview and Level Annotations

Branches:
Dungeon (6/15)             Temple (0/1) D:4

Altars:
Ashenzari
Dithmenos
Fedhas
Ru
Xom
Zin

Shops:
D:4 ?

Annotations:
D:4 2 transporters
D:5 3 runed translucent doors, voltaire321's ghost, novice DrCj


Innate Abilities, Weirdness & Mutations

You are immune to sickness and miasma.
Your stone body is resilient. (AC +5)
You are immune to poison.
You resist negative energy. (rN+)
You are resistant to electric shocks. (rElec)
You are resistant to unholy torment.
You are immune to petrification.


Message History

The gnoll is confused by your recitation.
The gnoll shouts!
The orc is limned with silver light.
The gnoll barely misses the hound.
You hit the black bear.
The black bear is lightly wounded.
The black bear bites you but does no damage.
The black bear claws you but does no damage.
You block the black bear's attack.
The gnoll is lost in a daze.
The gnoll hits the orc with a +0 halberd.
The gnoll barely misses itself.
You closely miss the black bear.
The black bear is lightly wounded. "...were not reverent!
And hearing this, the people rose up..."
The orc is struck blind by the wrath of Zin!
The orc throws a stone.
The stone barely misses the hound.
The stone barely misses the gnoll.
The stone closely misses the black bear.
The stone hits you but does no damage. The black bear bites you.
* * * LOW HITPOINT WARNING * * *
The black bear claws you but does no damage.
The black bear claws you.
* * * LOW HITPOINT WARNING * * *
The gnoll hits itself with a +0 spear!
The gnoll is killed!
You take 5 damage, and have 9/46 hp.
You hit the black bear.
The black bear is moderately wounded. "...and embraced reverence, for they feared Zin's wrath."
You finish reciting Anathema 2:8.
The black bear bites you but does no damage.
The black bear barely misses you. You block the black bear's attack.
The gnoll is lost in a daze.
The gnoll hits the hound with a +0 halberd.
You sock the black bear!
The black bear is severely wounded.
You block the black bear's attack. The black bear claws you.
* * * LOW HITPOINT WARNING * * *
The black bear claws you but does no damage.
The gnoll barely misses the hound.
You closely miss the black bear.
The black bear is severely wounded.
The black bear bites you.
* * * LOW HITPOINT WARNING * * *
The black bear barely misses you. You block the black bear's attack.
You take 4 damage, and have 5/46 hp.
You closely miss the black bear.
The black bear is severely wounded.
The black bear bites you.
* * * LOW HITPOINT WARNING * * *
The black bear claws you but does no damage. x2
The gnoll closely misses the orc.
The hound pauses to sniff the ground.
You take 1 damage, and have 4/46 hp.
You sock the black bear!
You kill the black bear!
You hit the gnoll but do no damage.
The orc throws a stone.
The stone closely misses the orc.
The stone hits the hound but does no damage.
The gnoll barely misses you.
You sock the gnoll!
The gnoll is heavily wounded.
The gnoll completely misses you.
You closely miss the gnoll.
The gnoll is heavily wounded.
The gnoll barely misses you.
You barely miss the gnoll.
The gnoll is heavily wounded.
The gnoll is lost in a daze.
The gnoll closely misses the orc.
You barely miss the gnoll.
The gnoll is heavily wounded.
The gnoll hits you but does no damage.
The gnoll barely misses the orc.
You hit the gnoll but do no damage.
The gnoll is heavily wounded.
The gnoll hits you but does no damage.
MP restored: 12 You barely miss the gnoll.
The gnoll is heavily wounded.
The gnoll hits you but does no damage.
You hit the gnoll.
The gnoll is severely wounded.
The gnoll hits you but does no damage.
You hit the gnoll.
You kill the gnoll!
The hound bites you but does no damage.
You sock the hound!
The hound is heavily wounded.
The hound barely misses you.
You sock the hound!
You kill the hound!
You are ready to recite again.
The gnoll barely misses the orc warrior.
You hit the orc.
The orc is heavily wounded.
The orc hits you but does no damage.
The orc throws a stone.
The stone hits the orc warrior but does no damage.
The gnoll closely misses the orc.
You sock the orc!
You kill the orc!
The orc warrior hits you with a +0 long sword!
You die...

§§☼☼.○°........## ##
################### ... ..
...☼......$$$$$###. ... #
##################. .g.
.##...##.###########. ##.#
#....# #..# #. ###...##.#
#.# #.
....#..#g#######.##########.
.....)...oo@................
.#.#.)..#######.##########.
....?.##§.## #.# #.. #.#.#
##<.# #.# ###.# ..
##....##.# ###...# #.
###.o#.# #...#.#
.#.#.....##.## ....### #)#
..# #)#≈


You could see an orc warrior, a gnoll (confused) and an orc (blind).

Vanquished Creatures
  Pikel (D:6)
  A black bear (D:6)
  An ogre (D:4)
  A necrophage (D:6)
  Blork the orc (D:6)
  A bullfrog (D:4)
  2 hounds
  A jelly (D:6)
  2 orc priests
  2 orc wizards (D:6)
  6 gnolls
  6 adders
  A white imp (D:5)
  A dart slug (D:3)
  21 orcs
  10 endoplasms
  6 giant cockroaches
  7 hobgoblins
  4 jackals
  3 quokkas
  8 ball pythons
  6 bats
  3 frilled lizards
  5 goblins
  10 kobolds
  5 rats
115 creatures vanquished.

Vanquished Creatures (others)
  A fungus (D:5)
  3 plants (D:5)
4 creatures vanquished.

Grand Total: 119 creatures vanquished

Notes
Turn   | Place    | Note
-------+----------+-------------------------------------------
     0 | D:1      | SkeletonJelly the Gargoyle Fighter began the quest for the
                  | Orb.
     0 | D:1      | Reached XP level 1. HP: 14/14 MP: 1/1
   184 | D:1      | Reached XP level 2. HP: 19/19 MP: 2/2
   251 | D:1      | Reached skill level 3 in Maces & Flails
   436 | D:1      | Reached XP level 3. HP: 18/23 MP: 3/3
   561 | D:1      | Found a faded altar of an unknown god.
   843 | D:2      | Found a broken altar of Ashenzari.
   982 | D:1      | Prayed at the altar of an unknown god.
   982 | D:1      | Became a worshipper of Zin the Law-Giver
   982 | D:1      | Reached * piety under Zin
  1134 | D:2      | Reached skill level 4 in Maces & Flails
  1145 | D:2      | Reached XP level 4. HP: 28/28 MP: 4/4
  1179 | D:2      | Reached skill level 1 in Invocations
  1255 | D:2      | Reached ** piety under Zin
  1773 | D:3      | Reached XP level 5. HP: 30/32 MP: 6/6
  1848 | D:3      | Reached skill level 5 in Maces & Flails
  1889 | D:3      | Noticed an angel
  1890 | D:3      | Found a shimmering altar of Xom.
  1890 | D:3      | Found a glowing silver altar of Zin.
  1990 | D:3      | Found a broken altar of Ashenzari.
  2613 | D:4      | Found a shadowy altar of Dithmenos.
  2613 | D:4      | Found a sacrificial altar of Ru.
  2637 | D:4      | Found Wuafum's Magic Scroll Shoppe.
  2646 | D:4      | Found a transporter.
  2822 | D:4      | Reached XP level 6. HP: 36/37 MP: 7/7
  2883 | D:4      | Found a staircase to the Ecumenical Temple.
  2937 | D:4      | Reached skill level 6 in Maces & Flails
  3082 | D:4      | Found a blossoming altar of Fedhas.
  3124 | D:4      | Found a transporter.
  3484 | D:5      | Entered Level 5 of the Dungeon
  4023 | D:5      | Reached *** piety under Zin
  4089 | D:5      | Found a runed translucent gate.
  4089 | D:5      | Found a runed translucent gate.
  4089 | D:5      | Found a runed translucent gate.
  4091 | D:5      | Noticed voltaire321's ghost (novice DrCj)
  4223 | D:5      | Reached XP level 7. HP: 29/41 MP: 9/9
  4332 | D:6      | Noticed Blork the orc
  4339 | D:6      | Killed Blork the orc
  4453 | D:6      | Reached skill level 7 in Maces & Flails
  4469 | D:6      | Noticed Pikel
  4483 | D:6      | Killed Pikel
  4484 | D:6      | Reached skill level 8 in Maces & Flails
  4484 | D:6      | Reached skill level 5 in Invocations
  4484 | D:6      | Reached XP level 8. HP: 13/46 MP: 10/12
  4507 | D:6      | Slain by an orc warrior

Illustrated notes

Levels and vault maps discovered:
D:1:      nzn_arrival_crosshair, layout_rooms, shapermc_ecumenical_altar_petra,
          reono_crystal_passage, minmay_misc_feat_x
D:2:      minmay_general_purpose_star, layout_basic, basic_altar
D:3:      minmay_door_path, layout_loops_ring,
          grunt_temple_overflow_order_and_chaos_1, mainiacjoe_overflow_brackets
D:4:      gammafunk_cloud_chamber, layout_loops_ring, fedhas_altar_4,
          minitemple, temple_statues, nicolae_stop_n_shop_2
D:5:      layout_loops_ring, gammafunk_ghost_nasty_kobolds
D:6:      lemuel_ice_spiral_2, layout_rooms, chequers_serial_rivers_micro_a,
          hangedman_decor_riveting, nicolae_nh_ransacked_shop,
          uniq_blork_the_orc, uniq_pikel

Skill      XL: |  1  2  3  4  5  6  7 |
---------------+----------------------+-----
Maces & Flails | 3 4 5 6 8 |  8.7
Invocations    | 1 2 3 5 |  5.6
Fighting       | |  3.2
Armour         | |  3.2
Shields        | |  3.2

Action                     |  1- 3 |  4- 6 |  7- 9 || total
---------------------------+-------+-------+-------++-------
  Melee: Flail             |   119 |   261 |    53 ||   433
 Invoke: Recite            |       |     2 |     3 ||     5
  Evoke: Wand              |       |     2 |     1 ||     3
   Stab: Confused          |       |     1 |       ||     1
         Invisible         |       |     1 |       ||     1
 Armour: Scale mail        |    59 |    98 |       ||   157
         Plate armour      |       |    71 |    35 ||   106
  Dodge: Dodged            |    63 |   104 |    16 ||   183
  Block: Buckler           |    24 |    40 |     9 ||    73

Table legend: (Time is in decaauts)
 A = Elapsed time spent in this place.
 B = Non-inter-level travel time spent in this place.
 C = Inter-level travel time spent in this place.
 D = Time resting spent in this place.
 E = Time spent auto-exploring this place.
 F = Levels seen in this place.
 G = Mean time per level.
                   A        B        C        D        E       F      G
               +--------+--------+--------+--------+--------+-----+--------+
         Total |   4592 |   4256 |    336 |      0 |   3313 |   6 |  765.3 |
       Dungeon |   4592 |   4256 |    336 |      0 |   3313 |   6 |  765.3 |
               +--------+--------+--------+--------+--------+-----+--------+

Top non-repeatable levels by time:
     D:4: 933 daAuts
     D:3: 923 daAuts
     D:2: 900 daAuts
     D:5: 845 daAuts
     D:1: 800 daAuts
     D:6: 188 daAuts
